 Dungeon Crawl Stone Soup version 0.30.0-29-ga12c61a403 (webtiles) character file.

Game seed: 3759335286376728521

12 Graphine the Trooper (level 2, 0/24 HPs)
             Began as a Demonspawn Monk on June 21, 2023.
             Succumbed to an adder's poison
             ... on level 2 of the Dungeon.
             The game lasted 00:01:37 (671 turns).

Graphine the Trooper (Demonspawn Monk)               Turns: 671, Time: 00:01:38

Health: 0/24       AC:  2    Str: 11    XL:     2   Next: 20%
Magic:  2/2        EV: 13    Int: 11    God:
Gold:   52         SH:  0    Dex: 15    Spells: 1/1 levels left

rFire   . . .        n - +0 triple sword
rCold   . . .        (shield currently unavailable)
rNeg    . . .        b - +0 robe
rPois   +            (no helmet)
rElec   .            (no cloak)
rCorr   .            (no gloves)
SInv    .            (no boots)
Will    +....        (no amulet)
Stlth   +            h - ring of willpower
HPRegen 0.24/turn    j - ring of poison resistance
MPRegen 0.08/turn

%: no passive effects
@: lethally poisoned (0 -> -1)
A: powered by pain 1
a: no special abilities


You were on level 2 of the Dungeon.
You visited 1 branch of the dungeon, and saw 2 of its levels.

You collected 52 gold pieces.

Inventory:

Hand Weapons
 a - a +0 falchion
 n - a +0 triple sword (weapon)
Armour
 b - a +0 robe (worn)
 d - an orb of light
Jewellery
 h - a ring of willpower (left hand)
 j - a ring of poison resistance (right hand)
Scrolls
 k - a scroll of identify
Potions
 e - a potion of flight {unknown}
 f - 2 potions of brilliance
 g - a potion of heal wounds {unknown}
 i - a potion of lignification {unknown}
 m - a potion of invisibility {unknown}
 o - a potion of berserk rage {unknown}


   Skills:
 + Level 3.2 Fighting
 + Level 2.9 Long Blades
 + Level 2.9 Dodging


You had one spell level left.
You didn't know any spells.
Your spell library was empty.

Dungeon Overview and Level Annotations

Branches:
Dungeon (2/15)

Altars:

Annotations:
D:2 Sigmund


Innate Abilities, Weirdness & Mutations

You sometimes gain a little power by taking damage.


Message History

You feel sick. The adder bites you.
You bump into the rock wall.
You feel less invigorated.
You feel less confused.
You feel sick. The adder closely misses you. The adder misses you.
You barely miss the adder.
You feel sick.
You are no longer poisoned.
The adder barely misses you. The adder bites you.
You miss the adder. The adder misses you. The adder closely misses you.
You slash the adder!
The adder is severely wounded.
The adder completely misses you. The adder bites you.
You hit the adder but do no damage.
The adder is severely wounded.
The adder bites you. x2
You closely miss the adder.
The adder is severely wounded.
The adder bites you. The adder closely misses you.
You barely miss the adder.
The adder is severely wounded.
The adder barely misses you. The adder bites you.
You are poisoned.
The adder poisons you! The adder bites you.
* * * LOW HITPOINT WARNING * * *
You miss the adder.
The adder is severely wounded.
* * * LOW HITPOINT WARNING * * *
You feel very sick. The adder closely misses you. x2
You miss the adder.
The adder is severely wounded.
* * * LOW HITPOINT WARNING * * *
You feel sick. The adder misses you. The adder closely misses you.
You closely miss the adder.
The adder is severely wounded.
* * * LOW HITPOINT WARNING * * *
You feel sick. The adder closely misses you.
The adder bites you but does no damage.
You closely miss the adder.
The adder is severely wounded.
You die...

........######....#.....
.........#............##
.......#............####.
.......##....<...........
.......###.........#.##
.......# ###...###...##
......## ###.#...g.g#
.....## #...#S#.##.#
###### #..##@#.# ...
####.##.# .# #.# ..< ..
#.# ... . ## ..## ..


You could see an adder.

Vanquished Creatures
  2 ball pythons
  2 endoplasms (D:1)
  A giant cockroach (D:1)
  A hobgoblin (D:1)
  A bat (D:1)
  3 goblins
  2 rats
12 creatures vanquished.

Notes
Turn   | Place    | Note
-------+----------+-------------------------------------------
     0 | D:1      | Graphine the Demonspawn Monk began the quest for the Orb.
     0 | D:1      | Reached XP level 1. HP: 18/18 MP: 1/1
   387 | D:1      | Gained mutation: You sometimes gain a little power by
                  | taking damage. [demonic ancestry]
   387 | D:1      | Reached XP level 2. HP: 15/24 MP: 2/2
   644 | D:2      | Noticed Sigmund
   671 | D:2      | Succumbed to an adder's poison

Illustrated notes

Levels and vault maps discovered:
D:1:      scummos_arrival_simple_fountains, layout_basic
D:2:      layout_rooms, serial_shops, shop_coins, amethyst_killhole,
          uniq_sigmund, uniq_natasha

Action                     || total
---------------------------++-------
  Melee: Falchion          ||    16
         Triple sword      ||    27
    Use: Scroll            ||     3
         Potion            ||     1
 Armour: Robe              ||     4
  Dodge: Dodged            ||    43
